 Dungeon Crawl Stone Soup version 0.16.0 (webtiles) character file.

176 Minkie the Poker (level 5, -3/26 HPs)
             Began as a Vine Stalker Warper on Mar 19, 2015.
             Slain by an iguana (9 damage)
             ... on level 4 of the Dungeon.
             The game lasted 00:10:01 (2302 turns).

Minkie the Poker (Vine Stalker Warper)              Turns: 2302, Time: 00:10:02

Health: -3/26      AC:  3    Str: 14    XL:     5   Next: 56%
Magic:  0/11       EV: 12    Int: 14    God:
Gold:   135        SH:  0    Dex: 13    Spells: 2 memorised, 5 levels left

rFire  . . .     SeeInvis .     a - +0 spear
rCold  . . .     Clarity  .     b - +0 leather armour
rNeg   . . .     SustAb   .     (no shield)
rPois  .         Gourm    .     (no helmet)
rElec  .         Spirit   +     (no cloak)
rCorr  .         Warding  .     (no gloves)
rMut   .         Stasis   .     (no boots)
MR     .....                    (no amulet)
Stlth  +.........               (no ring)
                                (no ring)

@: not resistant to hostile enchantments, very unstealthy
A: fangs 2, regeneration 1, magic shield, antimagic bite, no device heal 3, rot
immunity
a: no special abilities


You were on level 4 of the Dungeon.
You were not hungry.

You visited 1 branch of the dungeon, and saw 4 of its levels.

You collected 135 gold pieces.

Inventory:

Hand weapons
 a - a +0 spear (weapon)
Missiles
 e - 5 tomahawks of dispersal (quivered)
 l - 14 poisoned needles
Armour
 b - a +0 leather armour (worn)
 x - a +0 ring mail
Scrolls
 d - 2 scrolls of blinking
 j - a scroll of fear {unknown}
 m - 5 scrolls of identify {unknown}
 q - a scroll of remove curse {unknown}
 u - a scroll of random uselessness {unknown}
Potions
 g - 3 potions of heal wounds {unknown}
 h - 2 potions of magic {unknown}
 k - 2 potions of haste {unknown}
 n - a potion of cure mutation {unknown}
 o - a potion of curing {unknown}
 r - 2 potions of poison {unknown}
 s - a potion of brilliance {unknown}
 v - a potion of degeneration {unknown}
Books
 c - a book of Spatial Translocations

   Spells                             Type                      Level
   a - Apportation                    Translocation                1
   b - Blink                          Translocation                2
   c - Shroud of Golubria             Charms/Translocation         2
   d - Portal Projectile              Translocation                3
   e - Teleport Other                 Translocation                3
   f - Passage of Golubria            Translocation                4
Comestibles
 f - 4 bread rations
 i - 4 meat rations
 p - a chunk of flesh
 t - 5 fruits
 w - a beef jerky


   Skills:
 - Level 1.7 Fighting
 + Level 4.3 Polearms
 - Level 0.8 Throwing
 - Level 2.0 Armour
 - Level 2.0 Dodging
 - Level 2.1 Spellcasting
 - Level 3.0 Translocations


You had 5 spell levels left.
You knew the following spells:

 Your Spells              Type           Power        Failure   Level  Hunger
a - Apportation           Tloc           #.........   10%         1    #......
b - Blink                 Tloc           N/A          14%         2    ###....


Dungeon Overview and Level Annotations

Branches:
Dungeon (4/15)
 Temple: D:4-7

Altars:

Annotations:
D:2 Sigmund


Innate Abilities, Weirdness & Mutations

You have extremely sharp teeth.
Your natural rate of healing is unusually fast.
When hurt, damage is shared between your health and your magic reserves.
Your bite disrupts and absorbs the magic of your enemies.
Potions and wands cannot restore your health.
You are immune to rotting.


Message History

The iguana is heavily wounded.
The iguana barely misses you.
You hit the iguana.
The iguana is severely wounded.
The iguana barely misses you.
You hit the iguana but do no damage.
The iguana is severely wounded.
The iguana bites you!
* * * LOW HITPOINT WARNING * * *
You are too injured to fight recklessly!
You are too injured to fight recklessly!
You are too injured to fight recklessly!
You hit the iguana but do no damage.
The iguana is severely wounded.
The iguana closely misses you.
Your leather armour prevents you from hitting the iguana.
You bite the iguana, but do no damage.
The iguana is severely wounded.
The iguana bites you!
You die...

#.# #... #.# ###... ###.#
#..... #...#####.# #.....
#..(......# #.....
########...##########.....
............)(†....('.....
#........###########....#
+......l@...%.... #.(..#
###........######## #....#
...........# ######
.....####### ... # # # #


You could see an iguana.

Vanquished Creatures
  An orc priest (D:3)
  A worker ant (D:4)
  2 adders (D:3)
  A gnoll (D:1)
  3 worms
  5 giant geckos
  3 oozes (D:1)
  6 orcs
  2 bats
  2 giant cockroaches
  5 goblins
  8 hobgoblins
  5 jackals
  6 kobolds
  A quokka (D:2)
  A ball python (D:3)
  3 giant newts (D:1)
  9 rats
64 creatures vanquished.

Notes
Turn   | Place    | Note
--------------------------------------------------------------
     0 | D:1      | Minkie, the Vine Stalker Warper, began the quest for the Orb.
     0 | D:1      | Reached XP level 1. HP: 11/11 MP: 3/3
   181 | D:1      | Reached skill level 1 in Armour
   181 | D:1      | Reached XP level 2. HP: 10/15 MP: 5/5
   279 | D:1      | Reached XP level 3. HP: 16/18 MP: 5/7
   289 | D:1      | Learned a level 2 spell: Blink
  1122 | D:2      | Reached XP level 4. HP: 20/23 MP: 8/8
  1142 | D:2      | Noticed Sigmund
  1754 | D:3      | Reached XP level 5. HP: 14/26 MP: 11/11
  1870 | D:3      | Reached skill level 4 in Polearms
  2302 | D:4      | Slain by an iguana

Action                   |  1- 3 |  4- 6 || total
-------------------------+-------+-------++-------
Melee: Spear             |   114 |   111 ||   225
 Stab: Distracted        |       |     1 ||     1
  Eat: Chunk             |     1 |     4 ||     5
